Map: Thunderbird LE

Players

AGOElazer (Elazer)

  • Race: Zerg Zerg
  • League: Master
  • Spawn Location: 5:00

LiquidTaeJa (TaeJa) - Winner!

  • Race: Terran Terran
  • League: Master
  • Spawn Location: 11:00

Event: HomeStory Cup XX

VOD

Have the link to the VOD?

Description

Time

  • Played on: Nov. 21, 2019, 6:08 a.m.
  • Length: 13:26

All games in this series

Show
View Real Time Build Order
Export as new Build Order

AGOElazer Zerg 

Build Orders: Hatch First, Brood Lord Corruptor 

Get SALT Encoding   

  12  0:00  Drone  
  13  0:11  Overlord  
  13  0:17  Drone  
  14  0:30  Drone x2  
  16  0:47  Hatchery  
  15  0:50  Drone  
  15  0:53  Drone  
  17  0:57  Drone  
  18  1:07  Extractor  
  17  1:12  Spawning Pool  
  17  1:15  Drone  
  17  1:18  Drone  
  18  1:27  Drone  
  19  1:39  Drone  
  20  1:50  Drone  
  21  1:59  Zergling x2, Queen x2  
  21  2:00  Zergling x2  
  27  2:23  Hatchery  
  27  2:24  Overlord  
  27  2:26  Drone x2  
  28  2:32  Spore Crawler  
  28  2:33  Drone  
  28  2:43  Queen  
  28  2:44  Drone  
  31  2:45  Metabolic Boost  
  31  2:48  Drone  
  33  2:52  Overlord  
  33  2:55  Drone  
  34  2:59  Drone  
  34  3:00  Drone  
  36  3:10  Drone x2  
  38  3:13  Drone x3  
  38  3:17  Drone, Overlord  
  42  3:22  Queen  
  44  3:35  Queen, Drone x3  
  44  3:40  Drone x3  
  52  3:41  Drone  
  52  3:43  Drone  
  52  3:45  Overlord  
  54  3:50  Drone  
  54  3:52  Drone x2  
  54  3:54  Drone  
  58  4:01  Overlord  
  58  4:05  Drone x3  
  58  4:09  Queen  
  60  4:10  Overlord  
  60  4:11  Drone x2  
  60  4:12  Drone  
  65  4:19  Lair  
  65  4:20  Overlord  
  65  4:21  Drone x2  
  65  4:22  Drone  
  65  4:23  Drone  
  69  4:26  Drone x2  
  69  4:30  Extractor, Overlord  
  71  4:31  Extractor, Drone  
  71  4:35  Drone  
  71  4:38  Extractor  
  71  4:41  Queen  
  71  4:43  Overlord  
  71  4:44  Drone x5  
  76  4:48  Queen  
  76  4:51  Drone x3  
  81  4:53  Extractor  
  81  4:56  Spore Crawler  
  81  4:57  Spore Crawler  
  81  4:59  Spore Crawler  
  77  5:00  Overlord  
  77  5:03  Drone  
  77  5:05  Drone x3  
  81  5:07  Roach Warren  
  81  5:10  Overlord  
  81  5:14  Zergling x6  
  81  5:17  Zergling x4  
  81  5:18  Overseer  
  81  5:20  Overlord  
  85  5:24  Queen  
  85  5:27  Drone x6  
  93  5:30  Drone x2  
  93  5:32  Overlord  
  95  5:37  Overlord  
  95  5:39  Drone  
  95  5:42  Drone  
  94  5:45  Drone  
  94  5:49  Spire  
  94  5:50  Extractor, Drone x4  
  94  5:53  Drone  
  98  6:00  Roach x5  
  107  6:07  Glial Reconstitution, Hatchery  
  106  6:12  Infestation Pit  
  106  6:18  Overlord  
  105  6:20  Overseer  
  105  6:21  Overlord  
  105  6:23  Drone x6, Roach  
  113  6:29  Drone, Overlord  
  114  6:33  Overlord  
  114  6:35  Roach x4  
  114  6:37  Overlord  
  122  6:45  Extractor  
  122  6:46  Extractor  
  120  6:51  Hive  
  120  6:52  Overlord  
  119  7:00  Corruptor x4  
  127  7:05  Drone x10  
  137  7:15  Overlord  
  134  7:16  Corruptor x3  
  140  7:26  Evolution Chamber x2  
  140  7:29  Corruptor  
  140  7:37  Hatchery, Drone x6  
  145  7:46  Corruptor x4  
  153  7:52  Overlord  
  153  7:54  Corruptor  
  153  7:57  Zerg Melee Weapons Level 1, Zerg Missile Weapons Level 1, Overlord  
  155  8:00  Roach x4  
  155  8:04  Greater Spire  
  163  8:08  Zergling x16  
  171  8:17  Drone x3, Baneling Nest  
  171  8:18  Drone x2, Pneumatized Carapace  
  175  8:25  Zergling x18  
  178  8:40  Extractor  
  170  8:42  Extractor  
  170  8:44  Drone x2  
  170  8:45  Drone x2  
  173  8:49  Pathogen Glands, Overlord  
  173  8:51  Corruptor x3  
  173  8:52  Corruptor  
  173  8:54  Ravager x4  
  173  8:55  Zergling x12  
  191  9:09  Zergling x16  
  199  9:10  Hatchery  
  183  9:29  Brood Lord x7  
  183  9:30  Brood Lord  
  198  9:40  Roach  
  198  9:41  Overlord  
  195  9:49  Zergling x2, Roach x2  
  200  9:53  Zerg Melee Weapons Level 2, Zerg Missile Weapons Level 2  
  200  9:55  Zerg Flyer Weapons Level 1  
  200  9:58  Spine Crawler  
  199  10:00  Spine Crawler  
  199  10:05  Drone x3  
  196  10:12  Zergling x8  
  196  10:13  Zergling x2  
  193  10:15  Corruptor x3  
  193  10:19  Brood Lord  
  164  10:36  Drone x6  
  164  10:42  Infestor x5  
  174  10:49  Spore Crawler, Brood Lord  
  181  10:50  Spore Crawler  
  181  10:51  Zergling x16, Spore Crawler  
  181  10:52  Spore Crawler x2  
  185  10:59  Corruptor x4, Spore Crawler, Spine Crawler  
  185  11:00  Spine Crawler  
  190  11:16  Brood Lord x2  
  190  11:17  Brood Lord  
  196  11:19  Drone x4  
  196  11:24  Spine Crawler  
  196  11:25  Spine Crawler  
  197  11:26  Spine Crawler  
  197  11:27  Burrow  
  197  11:29  Spine Crawler  
  197  11:30  Neural Parasite, Spore Crawler  
  197  11:31  Spine Crawler  
  197  11:32  Spore Crawler  
  188  11:45  Viper x2  
  188  11:47  Viper  
  191  12:04  Corruptor x4  
  198  12:12  Corruptor  
  199  12:35  Spire  
  198  12:42  Spore Crawler  
  198  12:43  Spore Crawler  
  194  12:57  Corruptor x10  
Show
View Real Time Build Order
Export as new Build Order

LiquidTaeJa Terran - Winner!

Build Orders: Reaper Expand, Mech 

Get SALT Encoding   

  12  0:00  SCV  
  13  0:12  SCV  
  14  0:17  Supply Depot  
  14  0:24  SCV  
  15  0:38  SCV  
  15  0:40  Barracks  
  16  0:43  Refinery  
  16  0:50  SCV  
  17  1:02  SCV  
  18  1:14  SCV  
  19  1:27  Orbital Command, Reaper  
  20  1:39  Command Center  
  20  1:48  Supply Depot  
  20  1:53  SCV  
  21  1:59  Marine  
  22  2:05  SCV  
  23  2:09  Factory  
  23  2:17  Refinery, SCV  
  23  2:21  Barracks Reactor  
  24  2:29  SCV  
  25  2:42  SCV  
  25  2:52  Orbital Command  
  25  2:54  SCV  
  25  2:55  Starport  
  26  3:03  Hellion x2  
  26  3:04  Marine  
  31  3:06  SCV  
  32  3:18  SCV x2  
  34  3:25  Hellion x2  
  38  3:30  SCV x2  
  38  3:32  Fusion Core  
  38  3:33  Starport Tech Lab  
  40  3:42  Supply Depot, SCV x2  
  42  3:54  SCV x2  
  44  3:58  Command Center  
  44  4:06  SCV x2  
  42  4:18  SCV x2  
  42  4:19  Supply Depot  
  42  4:20  Battlecruiser  
  50  4:26  Refinery  
  50  4:27  Refinery  
  50  4:29  Hellion x2  
  54  4:40  SCV x2  
  54  4:41  Supply Depot  
  54  4:45  Supply Depot  
  56  4:47  Weapon Refit  
  57  4:52  SCV x2  
  57  4:55  Hellion x2  
  62  5:05  SCV  
  62  5:06  SCV  
  64  5:10  Factory  
  64  5:11  Factory, Orbital Command  
  64  5:17  SCV  
  64  5:18  SCV  
  66  5:25  Hellion x2  
  70  5:30  SCV  
  70  5:31  SCV  
  70  5:32  Armory  
  70  5:34  Armory  
  72  5:45  SCV x2  
  72  5:46  SCV  
  72  5:49  Hellion x2  
  79  5:55  Refinery  
  79  5:56  Refinery  
  79  5:57  SCV x2  
  79  5:58  SCV  
  79  5:59  Factory Tech Lab  
  79  6:00  Factory Tech Lab  
  82  6:06  Battlecruiser  
  82  6:09  Supply Depot, SCV x2  
  90  6:13  SCV  
  90  6:14  Supply Depot  
  91  6:20  Engineering Bay  
  91  6:21  SCV  
  91  6:22  SCV  
  91  6:23  Terran Vehicle And Ship Armor Level 1, Terran Vehicle Weapons Level 1  
  93  6:31  Supply Depot x2, Siege Tank, SCV  
  97  6:34  Hellion x2  
  97  6:37  Siege Tank  
  97  6:39  SCV  
  105  6:44  Supply Depot  
  105  6:47  SCV x2  
  105  6:51  SCV  
  105  6:54  Factory x2  
  106  7:00  SCV x2  
  108  7:01  Missile Turret  
  108  7:05  Siege Tank, Missile Turret  
  108  7:07  SCV  
  116  7:11  Siege Tank  
  116  7:15  SCV x2  
  119  7:25  Hellion x2  
  119  7:27  Command Center  
  119  7:29  Missile Turret  
  119  7:33  Battlecruiser  
  125  7:38  Factory Tech Lab, Factory Reactor  
  125  7:40  Siege Tank  
  128  7:46  Supply Depot, SCV x3  
  128  7:47  Hellion  
  128  7:48  Supply Depot  
  131  8:00  Supply Depot  
  131  8:01  Supply Depot  
  131  8:02  Supply Depot  
  131  8:08  Siege Tank x2  
  131  8:09  Hellion x2  
  131  8:12  Supply Depot  
  141  8:13  Supply Depot  
  141  8:19  Hellion x2, Siege Tank  
  146  8:36  Hellion x2  
  146  8:39  Battlecruiser  
  150  8:43  Hellion x2, Thor  
  160  8:53  Missile Turret  
  160  8:55  Missile Turret  
  160  8:57  Thor  
  160  9:02  Factory  
  166  9:03  Factory  
  166  9:05  Factory  
  164  9:14  Planetary Fortress  
  155  9:25  SCV x3  
  155  9:26  Refinery x2, Terran Vehicle Weapons Level 2  
  155  9:31  Terran Vehicle And Ship Armor Level 2  
  157  9:41  Hellion x3  
  157  9:42  SCV x2  
  161  9:48  Thor  
  161  9:50  Factory Tech Lab, Factory Reactor  
  161  9:52  Factory Tech Lab  
  163  9:55  Missile Turret  
  163  10:02  Infernal Pre-Igniter  
  163  10:05  Thor  
  169  10:09  Missile Turret  
  169  10:13  Hellion x2, Thor  
  171  10:27  Command Center  
  164  10:32  Hellion x3  
  164  10:33  Thor x2  
  164  10:34  Thor x3  
  166  10:37  Thor  
  172  10:43  Hellion x2  
  176  10:51  Thor  
  176  10:56  Hellion x3  
  188  11:00  Hellion x2  
  192  11:05  Thor  
  198  11:15  Sensor Tower  
  198  11:22  Hellion x2  
  198  11:23  Hellion x2  
  200  11:29  Command Center  
  200  11:30  Smart Servos  
  200  11:33  Missile Turret  
  198  11:52  Command Center  
  198  11:53  Command Center  
  198  12:01  Planetary Fortress  
  196  12:16  Starport  
  196  12:19  Starport  
  196  12:24  Refinery  
  196  12:25  Refinery  
  196  12:31  Hellion x7  
  196  12:42  Command Center  
  196  12:49  Command Center  
  195  13:26  Starport Tech Lab  
Tags
 
Add a new tag
Caveats
  • Supply blocks, unpowered buildings, or Contaminate may cause inaccurate times.
  • Supply counts are checked every 10 seconds.